 Dungeon Crawl Stone Soup version 0.30.1-11-g7821555f0a (webtiles) character file.

Game seed: 5712025921803168346

81 Thanes the Insei (level 4, -1/32 HPs)
             Began as a Merfolk Transmuter on Dec 15, 2023.
             Slain by a gnoll
             ... wielding a +0 whip
              (2 damage)
             ... on level 3 of the Dungeon.
             The game lasted 00:20:41 (2104 turns).

Thanes the Insei (Merfolk Transmuter)               Turns: 2104, Time: 00:20:41

Health: -1/32      AC:  2    Str: 10    XL:     4   Next: 42%
Magic:  4/7        EV: 13    Int: 12    God:
Gold:   148        SH:  0    Dex: 16    Spells: 1/7 levels left

rFire   . .          .
                       - Unarmed
rCold   . . .        (no shield)
rNeg    . . .        a - +0 robe
rPois   .            (helmet currently unavailable)
rElec   .            (no cloak)
rCorr   .            (no gloves)
SInv    .            p - melded +2 pair of boots
Will    .....        (no amulet)
Stlth   +            (no ring)
HPRegen 0.25/turn    (no ring)
MPRegen 0.10/turn

%: no passive effects
@: appendages, wereblooded, flying
A: horns 2, (nimble swimmer 2), mertail
a: End Transformation


You were on level 3 of the Dungeon.
You had temporarily grown beastly horns.
You visited 1 branch of the dungeon, and saw 3 of its levels.

You collected 148 gold pieces.

Inventory:

Hand Weapons
 c - a +0 sling
Missiles
 o - 5 poisoned darts
Armour
 a - a +0 robe (worn)
 g - a +0 robe
 n - a +0 pair of boots
 p - a +2 pair of boots (melded)
Magical Staves
 k - a staff of death
Jewellery
 d - a ring of see invisible
Scrolls
 f - a scroll of magic mapping {unknown}
 j - a scroll of immolation {unknown}
 l - a scroll of identify {unknown}
 q - a scroll of teleportation {unknown}
Potions
 b - a potion of lignification
 e - a potion of degeneration {unknown}
 h - a potion of ambrosia
 i - a potion of flight
 m - a potion of attraction {unknown}


   Skills:
 - Level 1.1 Fighting
 - Level 1.0 Ranged Weapons
 + Level 3.6 Dodging
 * Level 4.5 Unarmed Combat
 + Level 2.3 Spellcasting
 + Level 2.7 Transmutations


You had one spell level left.
You knew the following spells:

 Your Spells              Type           Power      Damage    Failure   Level
a - Beastly Appendage     Tmut           16%        N/A       9%          1
b - Wereblood             Tmut           8%         N/A       13%         2
c - Spider Form           Tmut/Pois      4%         N/A       41%         3

Your spell library contained the following spells:

 Spells                   Type           Power      Damage    Failure   Level
 Apportation              Tloc           2%         N/A       26%         1
 Necrotise                Necr           4%         1d4       26%         1
 Summon Small Mammal      Summ           4%         N/A       26%         1
 Sublimation of Blood     Necr           1%         N/A       36%         2
 Ice Form                 Ice/Tmut       4%         N/A       83%         4
 Summon Hydra             Summ           0%         N/A       100%        7


Dungeon Overview and Level Annotations

Branches:
Dungeon (3/15)

Altars:

Shops:
D:3 !


Innate Abilities, Weirdness & Mutations

You have temporarily grown beastly horns.
((You are very nimble when in or above water. (Stealth+, EV+, Speed+++)))
Your lower body shifts to a powerful aquatic tail in water.


Message History

You don't know that spell.
Casting: Beastly Appendage (safe; 9% risk of failure)
Confirm with . or Enter, or press ? or * to list all spells.
Okay, then.
Unknown command.
Casting: Beastly Appendage (safe; 9% risk of failure)
Confirm with . or Enter, or press ? or * to list all spells.
Your blood is infused with primal strength.
You barely miss the gnoll.
The gnoll hits you from afar with a +0 spear.
Casting: Wereblood (safe; 13% risk of failure)
Confirm with . or Enter, or press ? or * to list all spells.
You grow a pair of large bovine horns.
Your +2 pair of boots melds into your body.
The gnoll barely misses you.
The gnoll hits you from afar with a +0 spear.
The gnoll barely misses you.
You hit the gnoll.
The gnoll is heavily wounded.
The gnoll closely misses you.
The gnoll hits you from afar with a +0 spear.
The gnoll hits you with a +0 flail.
You closely miss the gnoll. The gnoll barely misses you.
The gnoll hits you from afar with a +0 spear.
The gnoll misses you.
You feel very buoyant.
You fly up into the air.
The gnoll hits you with a +0 whip.
* * * LOW HITPOINT WARNING * * *
The gnoll misses you. The gnoll barely misses you.
You barely miss the gnoll.
The gnoll is heavily wounded.
The gnoll hits you with a +0 whip.
* * * LOW HITPOINT WARNING * * *
The gnoll hits you from afar with a +0 spear.
* * * LOW HITPOINT WARNING * * *
The gnoll misses you.
You hit the gnoll.
The gnoll is severely wounded.
The gnoll hits you with a +0 whip.
You die...

##.#........##..
####........##.## .
#......####.(...##.
####.#.####
#####...# #......#
###.. #.###.## ##.
# #.# ## ###g# #
#Kg@# ######
#..g### ##.....
........ ##......
.......b.. #.......
..........#
#.......
..........#
#.....∩.
.........##
#....... ...##...##
#....... ##......


You could see 3 gnolls and a kobold.

Vanquished Creatures
  An adder (D:3)
  A worm (D:2)
  A dart slug (D:1)
  5 endoplasms
  6 giant cockroaches
  6 goblins
  7 hobgoblins
  2 jackals (D:2)
  5 kobolds
  4 quokkas (D:1)
  7 ball pythons
  7 bats
  4 frilled lizards
  4 rats
60 creatures vanquished.

Notes
Turn   | Place    | Note
-------+----------+-------------------------------------------
     0 | D:1      | Thanes the Merfolk Transmuter began the quest for the Orb.
     0 | D:1      | Reached XP level 1. HP: 15/15 MP: 3/3
   136 | D:1      | Reached XP level 2. HP: 16/21 MP: 3/5
   470 | D:1      | Reached skill level 1 in Ranged Weapons
   470 | D:1      | Reached XP level 3. HP: 26/26 MP: 6/6
   519 | D:1      | Learned a level 2 spell: Wereblood
   783 | D:1      | Reached skill level 4 in Unarmed Combat
  1255 | D:2      | Learned a level 3 spell: Spider Form
  1633 | D:2      | Reached XP level 4. HP: 32/32 MP: 3/7
  2047 | D:3      | Found Gian's Distillery.
  2103 | D:3      | HP: 1/32 [gnoll/+0 spear (4)]
  2104 | D:3      | Slain by a gnoll

Illustrated notes

Levels and vault maps discovered:
D:1:      arrival_zaba_pyramid, layout_loops_ring
D:2:      layout_loops_corners, wad_floor_pattern_untrapped
D:3:      layout_rooms, nzn_overflow_gifts_of_might_and_magic, serial_shops,
          shop, chequers_serial_rivers_room_a

Skill      XL: |  1  2  3 |
---------------+----------+-----
Ranged Weapons | 1 |  1.0
Dodging        | 3 |  3.6
Unarmed Combat | 4 |  4.5
Fighting       | |  1.1
Spellcasting   | |  2.3
Transmutations | |  2.7

Action                     |  1- 3 |  4- 6 || total
---------------------------+-------+-------++-------
  Melee: Unarmed           |    93 |    39 ||   132
         Headbutt          |     1 |     3 ||     4
         Punch             |     3 |       ||     3
         Staff             |     2 |       ||     2
   Fire: Sling             |    62 |       ||    62
   Cast: Beastly Appendage |     6 |     2 ||     8
         Wereblood         |     1 |     2 ||     3
         Spider Form       |     1 |       ||     1
    Use: Potion            |     1 |     2 ||     3
 Armour: Robe              |    32 |     9 ||    41
         Skin              |     1 |       ||     1
  Dodge: Dodged            |   108 |    42 ||   150
